 Dungeon Crawl Stone Soup version 0.23-a0-481-g60b89c1 (webtiles) character file.

22815 chorionicmirror the Carver (level 12, -5/97 HPs)
             Began as a Demonspawn Fighter on Nov 29, 2018.
             Was an Elder of Makhleb.
             Slain by an 11-headed hydra (11 damage)
             ... on level 11 of the Dungeon.
             The game lasted 00:43:08 (10808 turns).

chorionicmirror the Carver (Demonspawn Fighter)    Turns: 10808, Time: 00:43:11

Health: -5/97      AC: 19    Str: 20      XL:     12   Next: 66%
Magic:  12/12      EV: 10    Int:  8 (9)  God:    Makhleb [****..]
Gold:   544        SH: 10    Dex: 15      Spells: 10/11 levels left

rFire    + . .     SeeInvis .   J - +2 falchion (elec)
rCold    . . .     Gourm    .   c - +0 shield
rNeg     . . .     Faith    .   b - +0 scale mail
rPois    +         Spirit   .   (no helmet)
rElec    .         Reflect  .   n - +2 cloak
rCorr    .         Harm     .   a - +0 pair of gloves
MR       .....                  (boots unavailable)
Stlth    ..........             (no amulet)
HPRegen  0.26/turn              e - +3 ring of protection
MPRegen  0.13/turn              y - +2 ring of slaying

@: no status effects
A: talons 3, molten scales 3, poison resistance, spiny 2, rot immunity
a: Minor Destruction, Lesser Servant of Makhleb, Major Destruction, Renounce
Religion


You were on level 11 of the Dungeon.
You worshipped Makhleb.
Makhleb was greatly pleased with you.
You were not hungry.

You visited 2 branches of the dungeon, and saw 12 of its levels.

You collected 764 gold pieces.
You spent 220 gold pieces at shops.

Inventory:

Hand Weapons
 J - a +2 falchion of electrocution (weapon)
Armour
 a - a +0 pair of gloves (worn)
 b - a +0 scale mail (worn)
 c - a +0 shield (worn)
 j - a scarf of resistance
 n - a +2 cloak (worn)
Magical Staves
 l - an uncursed staff of death
 E - an uncursed staff of cold
Jewellery
 d - an uncursed ring of see invisible
 e - a +3 ring of protection (left hand)
 i - an uncursed ring of flight
 w - an uncursed ring of resist corrosion
 y - a +2 ring of slaying (right hand)
 D - an uncursed ring of fire
 L - an uncursed ring of ice
Wands
 r - a wand of clouds (5)
 s - a wand of acid (3)
 v - a wand of random effects (15)
 x - a wand of scattershot (5)
 A - a wand of disintegration (20)
 I - a wand of iceblast (6)
Scrolls
 m - 4 scrolls of remove curse
 t - 2 scrolls of magic mapping
 u - 3 scrolls of teleportation
 B - 2 scrolls of enchant weapon
 C - 2 scrolls of identify
 H - 2 scrolls of amnesia
Potions
 g - 3 potions of haste
 h - 2 potions of resistance
 k - a potion of invisibility
 o - a potion of cancellation
 p - a potion of ambrosia
 q - a potion of magic
 z - 2 potions of lignification
 F - a potion of brilliance
 G - 2 potions of curing
 K - a potion of heal wounds
Miscellaneous
 N - a lamp of fire
Comestibles
 f - 18 rations


   Skills:
 + Level 9.8 Fighting
 - Level 14.0 Long Blades
 + Level 8.2 Armour
 - Level 3.1 Dodging
 * Level 5.6 Shields


You had 10 spell levels left.
You knew the following spells:

 Your Spells              Type           Power        Failure   Level  Hunger
a - Animate Skeleton      Necr           N/A          98%         1    ##.....

Your spell library contained the following spells:

 Spells                   Type           Power        Failure   Level  Hunger
 Apportation              Tloc           #.....       98%         1    ##.....
 Confusing Touch          Hex            #.....       98%         1    ##.....
 Corona                   Hex            #......      98%         1    ##.....
 Magic Dart               Conj           #...         98%         1    ##.....
 Pain                     Necr           #...         98%         1    ##.....
 Summon Small Mammal      Summ           #...         98%         1    ##.....
 Ensorcelled Hibernation  Hex/Ice        #.....       99%         2    ###....
 Searing Ray              Conj           #.....       99%         2    ###....
 Confuse                  Hex            #.......     100%        3    ####...
 Dazzling Spray           Conj/Hex       #.....       100%        3    ####...
 Regeneration             Chrm/Necr      #.........   100%        3    ####...
 Tukima's Dance           Hex            #.......     100%        3    ####...
 Vampiric Draining        Necr           #.........   100%        3    ####...
 Animate Dead             Necr           N/A          100%        4    #####..
 Force Lance              Conj/Tloc      #.......     100%        4    #####..
 Fulminant Prism          Conj/Hex       #.........   100%        4    #####..
 Iskenderun's Mystic Bla  Conj           #.......     100%        4    #####..


Dungeon Overview and Level Annotations

Branches:
Dungeon (11/15)            Temple (1/1) D:6            Lair (0/6) D:11
    Orc: D:9-12

Altars:
Ashenzari
Cheibriados
Dithmenos
Elyvilon
Fedhas
Gozag
Hepliaklqana
Kikubaaqudgha
Makhleb
Nemelex Xobeh
Okawaru
Qazlal
Ru
Sif Muna
Trog
Uskayaw
Vehumet
Wu Jian
Xom
Yredelemnul
Zin
The Shining One

Shops:
D:7 [   D:8 !   D:9 !


Innate Abilities, Weirdness & Mutations

You have claws for feet.
You are completely covered in molten scales. (AC +4, rF+)
You are mostly covered in sharp spines.
You are immune to rotting.
Your system is resistant to poisons. (rPois)


Message History

The 11-headed hydra bites you but does no damage.
The 11-headed hydra bites you.
The 11-headed hydra completely misses you.
The 11-headed hydra bites you!
* * * LOW HITPOINT WARNING * * *
The 11-headed hydra bites you but does no damage.
The 11-headed hydra is struck by your spines.
The 11-headed hydra bites you!
* * * LOW HITPOINT WARNING * * *
The 11-headed hydra bites you.
* * * LOW HITPOINT WARNING * * *
The 11-headed hydra bites you but does no damage.
You block the 11-headed hydra's attack.
The 11-headed hydra bites you but does no damage.
The 11-headed hydra bites you!
* * * LOW HITPOINT WARNING * * *
The 11-headed hydra barely misses you. The 11-headed hydra bites you.
* * * LOW HITPOINT WARNING * * *
The 11-headed hydra bites you!
You die...

........#..).(.†(((............#.
........#.>)))....####.........##
........#......####.8####.......#
........#.....##.w'..'..##......#
........#.....#..8#.w#8..#......#
#####'###.....#.###+####.#.......
..............#'#%[?$?$#+#.......
...########...#D########(#.......
...# #...#.@8#..#8..#....... ...#
#...##.)'..'..##....... ...#
#....####8.####......(. ...#
#.......##'#..........# ...###
#.....................# .....#
#........###########..# ...#.###
#........#.........#..#
##.....####.<......#.........#..#
.........#######...#.........#..#


You could see a 11-headed hydra.

Vanquished Creatures
  The ghost of Xoff the Fighter, a journeyman MiFi of Okawaru (D:9)
  Erolcha (D:10)
  2 two-headed ogres (D:8)
  The ghost of Garbasso the Geomancer, a novice TrEE of Yredelemnul (D:8)
  An unseen horror (D:10)
  Psyche (D:8)
  An elephant (D:11)
  An efreet (D:11)
  A komodo dragon (D:9)
  A troll (D:10)
  Prince Ribbit (D:5)
  A hornet (D:9)
  Grinder (D:6)
  2 hippogriffs
  A shadow (D:10)
  A spriggan (D:7)
  A wyvern (D:8)
  9 yaks
  2 basilisks (D:11)
  2 hungry ghosts
  A water moccasin (D:5)
  2 orc warriors
  An ice beast (D:8)
  2 black bears (D:9)
  A necrophage (D:7)
  10 ogres
  3 sky beasts
  4 phantoms
  4 centaurs (D:11)
  4 bullfrogs
  2 gnoll sergeants
  4 scorpions
  23 killer bees
  6 howler monkeys
  2 spectral bullfrogs (D:9)
  4 centaur zombies
  7 crimson imps
  5 bullfrog zombies
  6 hounds
  A quasit (D:8)
  3 jellies
  A wyvern simulacrum (D:9)
  3 orc priests
  2 bullfrog skeletons
  3 centaur skeletons
  2 iguanas
  11 worker ants
  9 orc wizards
  A bullfrog simulacrum (D:9)
  2 hound zombies
  A hound skeleton (D:4)
  A worker ant zombie (D:8)
  9 gnolls
  11 adders
  A shadow imp (D:10)
  5 adder skeletons
  A dart slug (D:3)
  6 leopard geckos
  37 orcs
  A ball python (D:1)
  4 giant cockroaches
  8 goblins
  2 hobgoblins
  11 jackals
  A kobold (D:2)
  3 quokkas
  7 bats
  6 frilled lizards
  3 leopard gecko skeletons
  4 quokka skeletons
  9 rats
292 creatures vanquished.

Vanquished Creatures (collateral kills)
  Fannar (D:11)
  A hound zombie (D:11)
2 creatures vanquished.

Vanquished Creatures (others)
  3 jackals (D:8)
3 creatures vanquished.

Grand Total: 297 creatures vanquished

Notes
Turn   | Place    | Note
-------+----------+-------------------------------------------
     0 | D:1      | chorionicmirror the Demonspawn Fighter began the quest for
                  | the Orb.
     0 | D:1      | Reached XP level 1. HP: 18/18 MP: 1/1
   310 | D:1      | Reached skill level 2 in Long Blades
   356 | D:1      | Gained mutation: You are partially covered in molten
                  | scales. (AC +2) [demonic ancestry]
   356 | D:1      | Reached XP level 2. HP: 24/24 MP: 2/2
  1263 | D:3      | Reached XP level 3. HP: 29/29 MP: 3/3
  1343 | D:3      | Reached skill level 1 in Dodging
  1694 | D:3      | Reached skill level 3 in Long Blades
  1694 | D:3      | Gained mutation: You are partially covered in sharp spines.
                  | [demonic ancestry]
  1694 | D:3      | Reached XP level 4. HP: 14/35 MP: 4/4
  2208 | D:4      | Reached XP level 5. HP: 31/42 MP: 5/5
  2816 | D:4      | Noticed an ogre
  2832 | D:4      | Killed an ogre
  2832 | D:4      | Reached skill level 4 in Long Blades
  2832 | D:4      | Reached XP level 6. HP: 40/48 MP: 6/6
  3181 | D:4      | Reached skill level 5 in Long Blades
  3181 | D:4      | Gained mutation: You have sharp toenails. [demonic
                  | ancestry]
  3181 | D:4      | Reached XP level 7. HP: 30/55 MP: 7/7
  3476 | D:5      | Entered Level 5 of the Dungeon
  3591 | D:5      | Noticed Prince Ribbit
  3611 | D:5      | Killed Prince Ribbit
  3611 | D:5      | Reached skill level 5 in Fighting
  3636 | D:5      | Reached skill level 6 in Long Blades
  3980 | D:5      | Reached XP level 8. HP: 49/62 MP: 8/8
  4038 | D:5      | Reached skill level 7 in Long Blades
  4591 | D:6      | Reached skill level 8 in Long Blades
  4639 | D:6      | Noticed Grinder
  4642 | D:6      | Paralysed by Grinder for 2 turns
  4665 | D:6      | Killed Grinder
  4710 | D:6      | Found a staircase to the Ecumenical Temple.
  4722 | Temple   | Entered the Ecumenical Temple
  4830 | Temple   | Became a worshipper of Makhleb the Destroyer
  4955 | D:6      | Gained mutation: You are immune to rotting. [demonic
                  | ancestry]
  4955 | D:6      | Reached XP level 9. HP: 52/69 MP: 9/9
  4966 | D:6      | Found a white marble altar of Elyvilon.
  5574 | D:7      | Found a blossoming altar of Fedhas.
  5578 | D:7      | Found an ornate altar of the Wu Jian Council.
  5601 | D:7      | Reached skill level 9 in Long Blades
  5761 | D:7      | Reached * piety under Makhleb
  6092 | D:7      | Found Mahorom's Antique Armour Shop.
  6688 | D:8      | Noticed Psyche
  6699 | D:8      | Killed Psyche
  6699 | D:8      | Reached skill level 5 in Armour
  7112 | D:8      | Reached skill level 10 in Long Blades
  7164 | D:8      | Gained mutation: You have razor-sharp toenails. [demonic
                  | ancestry]
  7164 | D:8      | Reached XP level 10. HP: 73/79 MP: 10/10
  7177 | D:8      | Learned a level 1 spell: Animate Skeleton
  7238 | D:8      | Noticed a two-headed ogre
  7246 | D:8      | Killed a two-headed ogre
  7363 | D:8      | Found Kilomap's Distillery.
  7367 | D:8      | Bought a potion of heal wounds for 70 gold pieces
  7403 | D:8      | Reached ** piety under Makhleb
  7612 | D:8      | Found a runed gate.
  7614 | D:8      | Found a runed gate.
  7614 | D:8      | Found an opulent altar of Gozag.
  7616 | D:8      | Noticed Garbasso's ghost (novice TrEE)
  7617 | D:8      | Found a runed gate.
  7670 | D:8      | Killed Garbasso's ghost
  7689 | D:8      | Noticed a two-headed ogre
  7697 | D:8      | Killed a two-headed ogre
  7697 | D:8      | Reached skill level 11 in Long Blades
  8192 | D:9      | Reached *** piety under Makhleb
  8347 | D:9      | Found a radiant altar of Vehumet.
  8360 | D:9      | Gained mutation: You are mostly covered in molten scales.
                  | (AC +3) [demonic ancestry]
  8360 | D:9      | Reached XP level 11. HP: 87/87 MP: 11/11
  8389 | D:9      | Gained mutation: You have claws for feet. [potion of
                  | mutation]
  8389 | D:9      | Gained mutation: You are completely covered in molten
                  | scales. (AC +4, rF+) [potion of mutation]
  8389 | D:9      | Gained mutation: Your system is resistant to poisons.
                  | (rPois) [potion of mutation]
  8390 | D:9      | Reached skill level 13 in Long Blades
  8390 | D:9      | Gained mutation: You are mostly covered in sharp spines.
                  | [demonic ancestry]
  8390 | D:9      | Reached XP level 12. HP: 94/94 MP: 12/12
  8480 | D:9      | Found Rotuenlu's Distillery.
  8489 | D:9      | Bought a potion of brilliance for 60 gold pieces
  8489 | D:9      | Bought a potion of curing for 45 gold pieces
  8489 | D:9      | Bought a potion of curing for 45 gold pieces
  8570 | D:9      | Found a runed gate.
  8572 | D:9      | Found a runed gate.
  8572 | D:9      | Found a runed gate.
  8592 | D:9      | Noticed Xoff's ghost (journeyman MiFi)
  8625 | D:9      | Killed Xoff's ghost
  9067 | D:10     | Entered Level 10 of the Dungeon
  9067 | D:10     | Noticed Erolcha
  9078 | D:10     | Killed Erolcha
  9078 | D:10     | Reached skill level 14 in Long Blades
  9421 | D:10     | Reached **** piety under Makhleb
  9953 | D:11     | Found a staircase to the Lair.
 10245 | D:11     | Noticed Fannar
 10264 | D:11     | Killed Fannar
 10264 | D:11     | Reached skill level 5 in Shields
 10536 | D:11     | Noticed a seven-headed hydra
 10808 | D:11     | Slain by an 11-headed hydra

Vault maps used:
D:1:      dpeg_arrival_orchard
D:2:      serial_bayou_pond_e
D:3:      first_ration
D:4:      columned_hall_lemuel
D:5:      uniq_prince_ribbit1
D:6:      kennysheep_mini, temple_hall, uniq_grinder
D:7:      grunt_temple_overflow_open, serial_shops, shop, the_bakery
D:8:      ebering_ghost_gozag, serial_shops, nicolae_shop_trees,
          lemuel_old_faithful, uniq_psyche
D:9:      vehumet_crystals, gammafunk_ghost_necromancy, serial_shops,
          nicolae_shop_temple_entry_statues_fountains
D:10:     uniq_erolcha
D:11:     minmay_chambers_of_sixes, david_lair_generic, uniq_fannar
Temple:   dpeg_five_rooms_temple

Skill      XL: |  1  2  3  4  5  6  7  8  9 10 11 12 |
---------------+-------------------------------------+-----
Long Blades    | 2 3 4 5 6 8 10 11 13 14 | 14.0
Shields        | 3 5 |  5.6
Dodging        | 1 2 3 |  3.1
Armour         | 3 4 5 7 8 |  8.2
Fighting       | 4 5 6 7 8 9 |  9.8

Action                   |  1- 3 |  4- 6 |  7- 9 | 10-12 || total
-------------------------+-------+-------+-------+-------++-------
Melee: Long sword        |   147 |    70 |   293 |   289 ||   799
       Kick              |       |       |    85 |   158 ||   243
       Falchion          |       |       |       |   110 ||   110
Invok: Lesser Servant of |       |       |       |     2 ||     2
Evoke: Wand              |       |       |     1 |     5 ||     6
  Use: Scroll            |     8 |       |    10 |     3 ||    21
       Potion            |       |       |     3 |     7 ||    10
  Eat: Chunk             |     3 |     1 |     6 |     8 ||    18
       Ration            |       |     1 |     2 |     2 ||     5
Armor: Scale mail        |    79 |    28 |   128 |   135 ||   370
Dodge: Dodged            |    44 |    20 |    92 |    91 ||   247
Block: Shield            |    84 |    19 |   147 |   157 ||   407
       Rpst.: Long sword |    19 |     9 |    34 |    15 ||    77
       Falchion          |       |       |       |     6 ||     6

Table legend:
 A = Non-vault XP
 B = Vault XP
 C = Vault XP percentage of total XP
 D = Non-vault monster count
 E = Vault monster count
 F = Vault count percentage of total count
                 A         B        C        D         E       F
            +---------+---------+-------+---------+---------+-------
      Total |   14968 |    6713 |  31.0 |     271 |      23 |   7.8
            +---------+---------+-------+---------+---------+-------
        D:1 |      19 |       0 |   0.0 |      12 |       0 |   0.0
        D:2 |      18 |       0 |   0.0 |      11 |       0 |   0.0
        D:3 |      93 |       0 |   0.0 |      23 |       0 |   0.0
        D:4 |     736 |       0 |   0.0 |      28 |       0 |   0.0
        D:5 |     945 |     283 |  23.0 |      36 |       1 |   2.7
        D:6 |     690 |     272 |  28.3 |      15 |       1 |   6.2
        D:7 |     916 |     211 |  18.7 |      19 |       1 |   5.0
        D:8 |    3751 |    1331 |  26.2 |      41 |       5 |  10.9
        D:9 |    2302 |    1193 |  34.1 |      35 |       5 |  12.5
       D:10 |    2662 |    1007 |  27.4 |      28 |       1 |   3.4
       D:11 |    2836 |    2416 |  46.0 |      23 |       9 |  28.1
            +---------+---------+-------+---------+---------+-------
